 Dungeon Crawl Stone Soup version 0.29.1-2-gbd0b4ee654 (webtiles) character file.

Game seed: 1441323784162010903

1983 whiskeysaurus the Ruffian (level 9, 0/85 HPs)
             Began as a Troll Warper on Nov 19, 2022.
             Was an Initiate of Makhleb.
             Slain by a killer bee (7 damage)
             ... on level 6 of the Dungeon.
             The game lasted 00:19:40 (5225 turns).

whiskeysaurus the Ruffian (Troll Warper)            Turns: 5225, Time: 00:19:40

Health: 0/85       AC:  4    Str: 21    XL:     9   Next: 1%
Magic:  18/22      EV: 10    Int: 13    God:    Makhleb [......]
Gold:   286        SH:  0    Dex:  9    Spells: 9/14 levels left

rFire   . . .      SeeInvis .     - Unarmed
rCold   . . .      Faith    .   (no shield)
rNeg    . . .      Spirit   .   a - +0 robe
rPois   +          Reflect  .   (helmet restricted)
rElec   .          Harm     .   (no cloak)
rCorr   .          Rampage  .   (gloves unavailable)
Will    .....                   (boots unavailable)
Stlth   +.........              o - amulet of regeneration
HPRegen 1.84/turn               A - ring of magical power
MPRegen 0.18/turn               B - ring of poison resistance

@: no status effects
A: large, unfitting armour, claws 3, regeneration 1, shaggy fur 1, tough skin 1,
deterioration 1
a: Renounce Religion


You were on level 6 of the Dungeon.
You worshipped Makhleb.
Makhleb was noncommittal.
You visited 2 branches of the dungeon, and saw 8 of its levels.
You also visited: Sewer.

You collected 286 gold pieces.

Inventory:

Hand Weapons
 I - the +3 spear of the Skies Above {vamp, rN+}
   (You took it off an orc on level 6 of the Dungeon)

   It occasionally heals its wielder for a portion of the damage dealt when it
   wounds a living foe.
   rN:        It protects you from negative energy.
Missiles
 c - 7 boomerangs of dispersal (quivered)
 w - 5 boomerangs
Armour
 a - a +0 robe (worn)
Jewellery
 o - an amulet of regeneration (around neck)
 t - an amulet of the acrobat
 A - a ring of magical power (left claw)
 B - a ring of poison resistance (right claw)
Wands
 g - a wand of roots (10)
 x - a wand of acid (7)
 G - a wand of polymorph (8)
Scrolls
 b - 3 scrolls of enchant armour {unknown}
 d - a scroll of torment {unknown}
 e - 3 scrolls of teleportation
 f - 3 scrolls of butterflies
 p - 5 scrolls of identify
 s - a scroll of noise
 y - 2 scrolls of immolation
 C - 2 scrolls of amnesia {unknown}
 D - a scroll of vulnerability {unknown}
 E - a scroll of magic mapping {unknown}
 F - a scroll of fear {unknown}
 H - a scroll of enchant weapon {unknown}
 J - a scroll of blinking
Potions
 h - 2 potions of berserk rage {unknown}
 i - 2 potions of invisibility {unknown}
 j - 3 potions of brilliance {unknown}
 k - 2 potions of mutation
 l - 3 potions of attraction {unknown}
 m - 2 potions of lignification {unknown}
 n - a potion of degeneration {unknown}
 q - a potion of curing
 r - 2 potions of might {unknown}
 u - 3 potions of haste {unknown}
 v - a potion of resistance {unknown}
 z - a potion of flight {unknown}
 K - a potion of experience {unknown}


   Skills:
 + Level 4.6 Fighting
 - Level 1.1 Throwing
 + Level 4.6 Dodging
 + Level 5.5 Unarmed Combat
 + Level 3.4 Spellcasting
 + Level 4.5 Translocations


You had 9 spell levels left.
You knew the following spells:

 Your Spells              Type           Power      Damage    Failure   Level
a - Blink                 Tloc           28%        N/A       5%          2
b - Gell's Gravitas       Tloc           14%        N/A       11%         3

Your spell library contained the following spells:

 Spells                   Type           Power      Damage    Failure   Level
 Lesser Beckoning         Tloc           14%        N/A       11%         3
 Teleport Other           Tloc           14%        N/A       11%         3
 Magic Dart               Conj           8%         1d3       22%         1
 Sandblast                Erth           4%         2d4       22%         1
 Passwall                 Tmut/Erth      1%         N/A       32%         2
 Poisonous Vapours        Pois/Air       4%         N/A       32%         2
 Searing Ray              Conj           4%         2d4       32%         2
 Frozen Ramparts          Ice            4%         1d1       54%         3
 Stone Arrow              Conj/Erth      4%         3d7       54%         3
 Manifold Assault         Tloc           14%        N/A       67%         5
 Corpse Rot               Necr/Pois/Air  2%         N/A       91%         4
 Fulminant Prism          Conj/Hex       1%         3d6       91%         4
 Ice Form                 Ice/Tmut       2%         N/A       91%         4
 Summon Ice Beast         Ice/Summ       2%         N/A       91%         4


Dungeon Overview and Level Annotations

Branches:
Dungeon (7/15)             Temple (1/1) D:6           Sewer (visited)

Altars:
Elyvilon
Fedhas
Kikubaaqudgha
Makhleb
Nemelex Xobeh
Okawaru
Qazlal
Ru
Sif Muna
Trog
Uskayaw
Vehumet
Wu Jian
Xom
Zin


Innate Abilities, Weirdness & Mutations

You are too large for most types of armour.
You have claws for hands.
Your natural rate of healing is unusually fast.
You are covered in fur. (AC +1)
You have tough skin. (AC +1)
Your body sometimes deteriorates upon taking damage.


Message History

The killer bee attacks as you move away!
The killer bee barely misses you.
The killer bee attacks as you move away!
The killer bee stings you!
You feel sick.
You are no longer poisoned.
The killer bee barely misses you.
The killer bee attacks as you move away!
The killer bee stings you.
The killer bee attacks as you move away!
The killer bee barely misses you. The killer bee stings you.
The killer bee stings you!
The killer bee stings you but does no damage.
The killer bee attacks as you move away!
The killer bee stings you.
You are poisoned.
The killer bee poisons you!
You feel stable enough to blink again.
You feel sick.
The killer bee stings you but does no damage.
The killer bee stings you!
* * * LOW HITPOINT WARNING * * *
The killer bee misses you.
There is an open door, spattered with blood here.
Things that are here:
a killer bee corpse; a killer bee corpse The killer bee attacks as you move away!
The killer bee stings you.
* * * LOW HITPOINT WARNING * * *
The killer bee attacks as you move away!
The killer bee stings you.
* * * LOW HITPOINT WARNING * * *
You are more poisoned.
The killer bee poisons you!
You feel very sick. The killer bee stings you!
* * * LOW HITPOINT WARNING * * *
You feel better. The killer bee stings you!
* * * LOW HITPOINT WARNING * * *
The killer bee stings you!
You die...

#.....# #.# # #.###.###.##### #
#####.# #.........# ########
#.....###.##...##.# #.......
#.###.....#.....#.## #.#####.
#.###.#.####...#...####.#####.
#.##....# ##.##.#.........##.
#.##..### #.##...####.##.##.
#......# #@###### #.##.##.
#.##...# ##y## #....... #......#
##yy.## ###.#### ####.#....#
##.....## ###.#
#......#..###...>...## ##.#.#
#.##......##.........####....####
#.##..###..'.........+...........
#.##..###.##...>.....####....####
#.........###.......## ##.#.#


You could see 3 killer bees.

Vanquished Creatures
  2 ice beasts (D:5)
  An ogre (D:6)
  A centaur (D:6)
  Blork the orc (D:4)
  4 bullfrogs
  2 scorpions
  2 necrophages (D:6)
  3 wights (D:4)
  2 jellies (D:6)
  2 killer bees (D:6)
  5 hounds
  A gnoll bouda (D:6)
  4 iguanas
  Ijyb (D:4)
  An orc wizard (D:4)
  Natasha (twice) (D:4)
  9 gnolls
  9 adders
  3 river rats (Sewer)
  A shadow imp (D:6)
  2 ufetubi (D:6)
  A worm (D:2)
  2 dart slugs (D:3)
  8 orcs
  10 endoplasms
  7 giant cockroaches
  4 goblins
  7 hobgoblins
  2 jackals (D:4)
  4 quokkas
  16 ball pythons
  6 bats
  3 frilled lizards (Sewer)
  7 kobolds
  56 rats
191 creatures vanquished.

Notes
Turn   | Place    | Note
-------+----------+-------------------------------------------
     0 | D:1      | whiskeysaurus the Troll Warper began the quest for the Orb.
     0 | D:1      | Reached XP level 1. HP: 19/19 MP: 1/1
    72 | D:1      | Reached skill level 1 in Throwing
   163 | D:1      | Reached XP level 2. HP: 28/28 MP: 3/3
   550 | D:2      | Reached XP level 3. HP: 27/35 MP: 4/4
  1234 | D:2      | Reached XP level 4. HP: 42/42 MP: 5/5
  1503 | D:3      | Found an ornate altar of the Wu Jian Council.
  1933 | D:3      | Found a faded altar of an unknown god.
  1943 | D:3      | Found an iron altar of Okawaru.
  2149 | D:4      | Noticed Blork the orc
  2171 | D:4      | Killed Blork the orc
  2172 | D:4      | Reached skill level 3 in Unarmed Combat
  2172 | D:4      | Reached XP level 5. HP: 24/50 MP: 6/6
  2299 | D:4      | Reached XP level 6. HP: 29/59 MP: 8/8
  2340 | D:4      | HP: 1/55 [wight/+2 scimitar (13)]
  2508 | D:4      | Noticed Natasha
  2519 | D:4      | Killed Natasha
  2559 | D:4      | Noticed Ijyb
  2575 | D:4      | Killed Ijyb
  2778 | D:4      | Noticed Natasha
  2783 | D:4      | Killed Natasha
  3016 | D:5      | Entered Level 5 of the Dungeon
  3030 | D:5      | Reached XP level 7. HP: 45/67 MP: 9/9
  3092 | D:5      | Reached skill level 4 in Unarmed Combat
  3444 | D:6      | Gained mutation: Your body sometimes deteriorates upon
                  | taking damage. [potion of mutation]
  3529 | D:6      | Reached XP level 8. HP: 34/78 MP: 11/11
  3608 | D:6      | Learned a level 2 spell: Blink
  3612 | D:6      | Learned a level 3 spell: Gell's Gravitas
  3650 | D:6      | Found a staircase to the Ecumenical Temple.
  3650 | D:6      | Found a glowing drain.
  3666 | Sewer    | Entered a sewer
  4026 | Temple   | Entered the Ecumenical Temple
  4242 | Temple   | Became a worshipper of Makhleb the Destroyer
  4310 | D:6      | Identified the +3 spear of the Skies Above {vamp, rN+}
  4379 | D:6      | Reached skill level 5 in Unarmed Combat
  4929 | D:6      | Found a shimmering blue altar of Sif Muna.
  4929 | D:6      | Found a stormy altar of Qazlal.
  5175 | D:6      | Reached XP level 9. HP: 26/85 MP: 13/13
  5225 | D:6      | Slain by a killer bee

Illustrated notes

Levels and vault maps discovered:
D:1:      dpeg_arrival_lava_temple_mockup, layout_basic, dk_noncrumbling_2
D:2:      layout_loops_ring, minmay_rat_hole
D:3:      layout_loops_ring, nicolae_overflow_ecumenical_swirl,
          overflow_temple_1_default, minivault_14, minmay_misc_feat_encased
D:4:      layout_loops_ring, uniq_blork_the_orc, uniq_ijyb, uniq_natasha
D:5:      layout_basic, minmay_manual_maat
D:6:      layout_loops_corners, chequers_temple_overflow_statue_of_worship,
          temple_statues, cheibrodos_sewer_entry_drain,
          chequers_serial_rivers_room_a, minmay_quadrilaterals
D:7:      layout_basic, ebering_ghost_disaster_area
Temple:   bh_familiar_temple

Skill      XL: |  1  2  3  4  5  6  7  8 |
---------------+-------------------------+-----
Throwing       | 1 |  1.1
Dodging        | 2 3 4 |  4.6
Fighting       | 2 3 4 |  4.6
Unarmed Combat | 3 4 5 |  5.5
Spellcasting   | 2 3 |  3.4
Translocations | 3 4 |  4.5

Action                   |  1- 3 |  4- 6 |  7- 9 || total
-------------------------+-------+-------+-------++-------
Melee: Unarmed           |   130 |   179 |   390 ||   699
       Punch             |     1 |     2 |     9 ||    12
 Cast: Blink             |       |       |     5 ||     5
       Gell's Gravitas   |       |       |     2 ||     2
  Use: Scroll            |       |     5 |     3 ||     8
       Potion            |       |     2 |     5 ||     7
 Stab: Sleeping          |     2 |       |       ||     2
Armor: Robe              |    47 |    36 |   159 ||   242
Dodge: Dodged            |    64 |    69 |   311 ||   444
